 Dungeon Crawl Stone Soup version 0.26.1-11-gd32895ea62 (webtiles) character file.

Game seed: 12141063083193748050

67 Almogavar the Grave Robber (level 4, -3/30 HPs)
             Began as a Vampire Necromancer on June 5, 2021.
             Slain by a black bear (6 damage)
             ... on level 1 of the Dungeon.
             The game lasted 00:07:29 (1472 turns).

Almogavar the Grave Robber (Vampire Necromancer)    Turns: 1472, Time: 00:07:30

Health: -3/30      AC:  3    Str:  7    XL:     4   Next: 0%
Magic:  1/8        EV: 13    Int: 18    God:
Gold:   79         SH:  0    Dex: 14    Spells: 4/9 levels left

rFire    . . .     SeeInvis +   i - +0 dagger (drain)
rCold    . . .     Faith    .   (no shield)
rNeg     . . .     Spirit   .   a - +0 robe
rPois    .         Reflect  .   (no helmet)
rElec    .         Harm     .   (no cloak)
rCorr    .         Rampage  .   (no gloves)
Will     .....     Rnd*Tele +   b - +0 pair of boots
Stlth    ++........             (no amulet)
HPRegen  0.30/turn              g - ring of teleportation (curse)
MPRegen  0.11/turn              h - ring of wizardry

@: regenerating quickly
A: fangs 3, see invisible, unbreathing
a: Exsanguinate


You were on level 1 of the Dungeon.
You visited 1 branch of the dungeon, and saw 2 of its levels.

You collected 79 gold pieces.

Inventory:

Hand Weapons
 i - a +0 dagger of draining (weapon)
Armour
 a - a +0 robe (worn)
 b - a +0 pair of boots (worn)
Jewellery
 g - a cursed ring of teleportation (left hand)
 h - a ring of wizardry (right hand)
Scrolls
 c - a scroll of blinking {unknown}
 d - 2 scrolls of enchant armour {unknown}
 e - a scroll of teleportation {unknown}
 f - a scroll of enchant weapon {unknown}
 k - a scroll of amnesia
 m - a scroll of fear {unknown}
 n - a scroll of remove curse {unknown}
Potions
 j - a potion of curing
 l - a potion of degeneration {unknown}


   Skills:
 + Level 2.3 Dodging
 + Level 3.0 Stealth
 + Level 3.0 Spellcasting
 + Level 5.4 Necromancy


You had 4 spell levels left.
You knew the following spells:

 Your Spells              Type           Power        Failure   Level
a - Pain                  Necr           88%          1%          1
b - Animate Skeleton      Necr           44%          1%          1
c - Vampiric Draining     Necr           11%          2%          3

Your spell library contained the following spells:

 Spells                   Type           Power        Failure   Level
 Animate Dead             Necr           11%          8%          4
 Agony                    Necr           22%          21%         5


Dungeon Overview and Level Annotations

Branches:
Dungeon (2/15)

Altars:

Annotations:
D:2 Robin


Innate Abilities, Weirdness & Mutations

Your natural rate of healing is unusually fast.
You have razor-sharp teeth.
You have supernaturally acute eyesight. (SInv)
You can survive without breathing.


Message History

You hit the black bear but do no damage.
Your bite misses the black bear.
The black bear is severely wounded.
The black bear bites you! The black bear barely misses you.
The black bear misses you. The black bear closely misses you.
The black bear barely misses you. The black bear claws you.
The black bear rages.
The black bear bites you!
* * * LOW HITPOINT WARNING * * *
The black bear claws you but does no damage.
The black bear claws you.
* * * LOW HITPOINT WARNING * * *
The black bear rages.
It was a potion of curing.
You feel better. The black bear closely misses you.
The black bear barely misses you. The black bear claws you.
* * * LOW HITPOINT WARNING * * *
The black bear barely misses you. x2; The black bear claws you.
* * * LOW HITPOINT WARNING * * *
The black bear bites you.
You die...

.......#.##.....#
#.#
.......#.##.....#
#.#
.......#.###†####
#.#
###.####.##.....#
#.# #.#
#.##.†...# #.#
#.# #.##.....#
#.# #.#
#..##.#### #.#
#.# ###.##.######
#.# #.#
#.........@.# #.#
#.# #.##.#.####h#
#.# ###.#
#......# #.# #.#
....# #####..#
#.# #.# #####
#..####.###.#
#.>.......#.#
#.#########.#
#.#########.#
#...........#


You could see a black bear (berserk, drained).

Vanquished Creatures
  2 adders (D:2)
  A gnoll (D:1)
  A dart slug (D:2)
  A leopard gecko (D:1)
  6 giant cockroaches
  4 hobgoblins (D:2)
  4 jackals (D:1)
  5 kobolds
  A ball python (D:2)
  2 bats
  2 frilled lizards (D:1)
  3 goblins (D:2)
  3 rats
35 creatures vanquished.

Notes
Turn   | Place    | Note
-------+----------+-------------------------------------------
     0 | D:1      | Almogavar the Vampire Necromancer began the quest for the
                  | Orb.
     0 | D:1      | Reached XP level 1. HP: 13/13 MP: 3/3
   171 | D:1      | Learned a level 1 spell: Animate Skeleton
   275 | D:1      | Reached skill level 5 in Necromancy
   275 | D:1      | Reached XP level 2. HP: 2/19 MP: 0/5
   953 | D:2      | Reached XP level 3. HP: 18/24 MP: 0/6
   985 | D:2      | Noticed Robin
  1189 | D:2      | Learned a level 3 spell: Vampiric Draining
  1411 | D:2      | Noticed a black bear
  1428 | D:2      | Reached XP level 4. HP: 25/30 MP: 0/8
  1472 | D:1      | Slain by a black bear

Illustrated notes

Levels and vault maps discovered:
D:1:      wander_arrival_chamber, layout_basic
D:2:      layout_loops_ring, uniq_jessica, uniq_robin

Skill      XL: |  1  2  3 |
---------------+----------+-----
Necromancy     | 5 |  5.4
Spellcasting   | 3 |  3.0
Dodging        | |  2.3
Stealth        | |  3.0

Action                   |  1- 3 |  4- 6 || total
-------------------------+-------+-------++-------
Melee: Short sword       |    11 |       ||    11
       Dagger            |       |     6 ||     6
       Bite              |       |     2 ||     2
 Cast: Pain              |    55 |     1 ||    56
       Animate Skeleton  |     1 |       ||     1
       Vampiric Draining |     1 |     1 ||     2
  Use: Scroll            |     1 |       ||     1
       Potion            |       |     1 ||     1
 Stab: Sleeping          |     1 |       ||     1
Armor: Robe              |     2 |     1 ||     3
Dodge: Dodged            |    18 |    21 ||    39
